| TOP OF THE 1ST |
|
Columbus Reds batting - Pitching for New Jersey Devils : RHP Richard Pye
|
|
Pitching: RHP Richard Pye
|
|
|
Batting: RHB Sang-ton Pak
|
0-0: Ball 1-0: Ball 2-0: Ball 3-0: Base on Balls
|
|
Batting: LHB Keith Egan
|
0-0: Ball 1-0: Ball 2-0: Ball 3-0: Foul Ball, location: 2F 3-1: Base on Balls Sang-ton Pak to second
|
|
Batting: RHB Pat McCoy
|
0-0: Hit by Pitch Sang-ton Pak to third Keith Egan to second
|
|
Batting: LHB Chris Redhead
|
0-0: Called Strike 0-1: Ball 1-1: Fly out, F7 (Flyball, 7D, EV 93.8 MPH) Runner from 3rd tags up, SCORES, no throw by LF
|
|
Batting: RHB R.J. Romberg
|
0-0: Ball 1-0: Called Strike 1-1: Called Strike 1-2: Ball 2-2: Strikes out swinging
|
|
Batting: LHB Tim Kirk
|
0-0: Called Strike 0-1: Foul Ball, location: 2F 0-2: Ball 1-2: Ball 2-2: Foul Ball, location: 2F 2-2: Foul Ball, location: 2F 2-2: SINGLE (Line Drive, 89M, EV 87.5 MPH) Keith Egan to third Pat McCoy to second Runner from 3rd tries for Home, SAFE, throw by CF to home
|
|
Batting: LHB Elijah Benton
|
0-0: Foul Ball, location: 2F 0-1: Ball 1-1: Swinging Strike 1-2: Ball 2-2: Ball 3-2: Foul Ball, location: 2F 3-2: Fly out, F4 (Popup, 34, EV 67.5 MPH)
|
| Top of the 1st over - 2 runs, 1 hit, 0 errors, 2 left on base; Columbus 2 - New Jersey 0 |
| BOTTOM OF THE 1ST |
|
New Jersey Devils batting - Pitching for Columbus Reds : LHP Davy Thorne
|
|
Pitching: LHP Davy Thorne
|
|
|
Batting: RHB Larry Shoop
|
0-0: Foul Ball, location: 2F 0-1: Ball 1-1: Called Strike 1-2: Strikes out swinging
|
|
Batting: LHB Bayesa Mundhir
|
0-0: Foul Ball, location: 2F 0-1: Swinging Strike 0-2: SOLO HOME RUN (Flyball, 89XD, EV 105.6 MPH), Distance : 403 ft
|
|
Batting: RHB Gang-sheng Chew
|
0-0: Foul Ball, location: 2F 0-1: Ball 1-1: Ball 2-1: DOUBLE (Flyball, 8LXD, EV 106.9 MPH)
|
|
Batting: RHB Bobby Coulombe
|
0-0: Ball 1-0: Swinging Strike 1-1: Ball 2-1: Ball 3-1: Base on Balls
|
|
Batting: RHB Chris Artz
|
0-0: Ball 1-0: Reached via error on a dropped throw from SS, E4 (Groundball, 6, EV 79.4 MPH) Gang-sheng Chew to third Bobby Coulombe to second
|
|
Batting: RHB Jose Lara
|
0-0: Ball 1-0: Ball 2-0: Fly out, F8 (Flyball, 8LD, EV 95.0 MPH) Runner from 3rd tags up, SCORES, throw by CF Bobby Coulombe to third
|
|
Batting: RHB Brian Bonin
|
0-0: Ball 1-0: Foul Ball, location: 2F 1-1: Ball 2-1: Swinging Strike 2-2: Ball 3-2: Foul Ball, location: 2F 3-2: Strikes out swinging
|
| Bottom of the 1st over - 2 runs, 2 hits, 1 error, 2 left on base; Columbus 2 - New Jersey 2 |
| TOP OF THE 2ND |
|
Columbus Reds batting - Pitching for New Jersey Devils : RHP Richard Pye
|
|
Batting: RHB Alex Villagomez
|
0-0: Called Strike 0-1: Swinging Strike 0-2: Ball 1-2: Strikes out swinging
|
|
Batting: RHB Alex de Leon
|
0-0: Ball 1-0: Fly out, F7 (Flyball, 7LD, EV 93.8 MPH)
|
|
Batting: RHB Sang-ton Pak
|
0-0: SINGLE (Flyball, 9LM, EV 86.2 MPH)
|
|
Batting: LHB Keith Egan
|
0-0: Ball 1-0: Foul Ball, location: 2F 1-1: Called Strike 1-2: Fly out, F7 (Line Drive, 7, EV 90.0 MPH)
|
| Top of the 2nd over - 0 runs, 1 hit, 0 errors, 1 left on base; Columbus 2 - New Jersey 2 |
| BOTTOM OF THE 2ND |
|
New Jersey Devils batting - Pitching for Columbus Reds : LHP Davy Thorne
|
|
Batting: SHB Jerry Burrows
|
0-0: Ball 1-0: Foul Ball, location: 2F 1-1: Ball 2-1: Fly out, F8 (Flyball, 8LXD, EV 98.8 MPH)
|
|
Batting: RHB Mike Hanks
|
0-0: Swinging Strike 0-1: Swinging Strike 0-2: Foul Ball, location: 2F 0-2: Foul Ball, location: 2F 0-2: Foul Ball, location: 2F 0-2: Strikes out looking
|
|
Batting: RHB Larry Shoop
|
0-0: Ball 1-0: SINGLE (Groundball, 56D, EV 108.8 MPH)
|
|
Batting: LHB Bayesa Mundhir
|
0-0: Ball 1-0: DOUBLE (Line Drive, 5D, EV 94.4 MPH) Larry Shoop to third Runner from 3rd tries for Home, throw by LF and OUT! 7-6-2
|
| Bottom of the 2nd over - 0 runs, 2 hits, 0 errors, 1 left on base; Columbus 2 - New Jersey 2 |
| TOP OF THE 3RD |
|
Columbus Reds batting - Pitching for New Jersey Devils : RHP Richard Pye
|
|
Batting: RHB Pat McCoy
|
0-0: Foul Ball, location: 2F 0-1: Ball 1-1: Fly out, F8 (Flyball, 89M, EV 80.6 MPH)
|
|
Batting: LHB Chris Redhead
|
0-0: Swinging Strike 0-1: Swinging Strike 0-2: Ball 1-2: Strikes out swinging
|
|
Batting: RHB R.J. Romberg
|
0-0: Ball 1-0: Fly out, F8 (Flyball, 78M, EV 78.8 MPH)
|
| Top of the 3rd over - 0 runs, 0 hits, 0 errors, 0 left on base; Columbus 2 - New Jersey 2 |
| BOTTOM OF THE 3RD |
|
New Jersey Devils batting - Pitching for Columbus Reds : LHP Davy Thorne
|
|
Batting: RHB Gang-sheng Chew
|
0-0: Called Strike 0-1: Ball 1-1: Ball 2-1: Foul Ball, location: 2F 2-2: Ball 3-2: Strikes out swinging
|
|
Batting: RHB Bobby Coulombe
|
0-0: Ball 1-0: SOLO HOME RUN (Flyball, 7LD, EV 92.5 MPH), Distance : 339 ft
|
|
Batting: RHB Chris Artz
|
0-0: SINGLE (Groundball, 6S, EV 66.2 MPH) (infield hit)
|
|
Batting: RHB Jose Lara
|
0-0: Foul Ball, location: 2F 0-1: Called Strike 0-2: Ball 1-2: Ball 2-2: Foul Ball, location: 2F 2-2: Foul Ball, location: 2F 2-2: 2-RUN HOME RUN (Flyball, 7D, EV 96.2 MPH), Distance : 368 ft
|
|
Batting: RHB Brian Bonin
|
0-0: Ball 1-0: Foul Ball, location: 2F 1-1: Ball 2-1: Foul Ball, location: 2F 2-2: Ball 3-2: Base on Balls
|
|
Pitching: LHP Fred Barbour
|
|
|
Batting: SHB Jerry Burrows
|
0-0: Foul Ball, location: 2F 0-1: Ball 1-1: SINGLE (Line Drive, 9S, EV 100.6 MPH) Brian Bonin to second
|
|
Batting: RHB Mike Hanks
|
0-0: Ball 1-0: Foul Ball, location: 2F 1-1: SINGLE (Line Drive, 8LS, EV 100.0 MPH) Brian Bonin to third Jerry Burrows to second
|
|
Batting: RHB Larry Shoop
|
0-0: Ball 1-0: Foul Ball, location: 2F 1-1: Ball 2-1: Called Strike 2-2: SINGLE (Line Drive, 8RS, EV 111.9 MPH) Brian Bonin scores Jerry Burrows to third Mike Hanks to second
|
|
Batting: LHB Bayesa Mundhir
|
0-0: Foul Ball, location: 2F 0-1: DOUBLE (Line Drive, 89D, EV 106.9 MPH) Jerry Burrows scores Mike Hanks scores Larry Shoop to third
|
|
Batting: RHB Gang-sheng Chew
|
0-0: Ball Wild Pitch! Larry Shoop scores Bayesa Mundhir to third 1-0: Called Strike 1-1: Ground out 6-3 (Groundball, 6, EV 100.6 MPH) Bayesa Mundhir scores
|
|
Batting: RHB Bobby Coulombe
|
0-0: Called Strike 0-1: Ground out 6-3 (Groundball, 6M, EV 91.2 MPH)
|
| Bottom of the 3rd over - 8 runs, 7 hits, 0 errors, 0 left on base; Columbus 2 - New Jersey 10 |
| TOP OF THE 4TH |
|
Columbus Reds batting - Pitching for New Jersey Devils : RHP Richard Pye
|
|
Batting: LHB Tim Kirk
|
0-0: Ball 1-0: Ground out U3 (Groundball, 3, EV 106.2 MPH)
|
|
Batting: LHB Elijah Benton
|
0-0: Foul Ball, location: 2F 0-1: Foul Ball, location: 2F 0-2: Ball 1-2: Ground out 5-3 (Groundball, 56, EV 94.4 MPH)
|
|
Batting: RHB Alex Villagomez
|
0-0: Ball 1-0: Called Strike 1-1: Ground out 5-3 (Groundball, 56S, EV 68.8 MPH)
|
| Top of the 4th over - 0 runs, 0 hits, 0 errors, 0 left on base; Columbus 2 - New Jersey 10 |
| BOTTOM OF THE 4TH |
|
New Jersey Devils batting - Pitching for Columbus Reds : LHP Fred Barbour
|
|
Batting: RHB Chris Artz
|
0-0: Ball 1-0: Fly out, F8 (Line Drive, 8RD, EV 90.6 MPH)
|
|
Batting: RHB Jose Lara
|
0-0: Ball 1-0: Foul Ball, location: 2F 1-1: Ball 2-1: Fly out, F9 (Flyball, 9S, EV 90.0 MPH)
|
|
Batting: RHB Brian Bonin
|
0-0: Ball 1-0: Called Strike 1-1: Ball 2-1: Ball 3-1: Base on Balls
|
|
Batting: SHB Jerry Burrows
|
0-0: Foul Ball, location: 2F 0-1: Ball 1-1: Swinging Strike 1-2: Fly out, F3 (Flyball, 3D, EV 84.4 MPH)
|
| Bottom of the 4th over - 0 runs, 0 hits, 0 errors, 1 left on base; Columbus 2 - New Jersey 10 |
| TOP OF THE 5TH |
|
Columbus Reds batting - Pitching for New Jersey Devils : RHP Richard Pye
|
|
Batting: RHB Alex de Leon
|
0-0: Fly out, F4 (Popup, 4M, EV 48.8 MPH)
|
|
Batting: RHB Sang-ton Pak
|
0-0: Called Strike 0-1: Ball 1-1: Ball 2-1: Foul Ball, location: 2F 2-2: Ground out 5-3 (Groundball, 5S, EV 68.8 MPH)
|
|
Batting: LHB Keith Egan
|
0-0: Ball 1-0: Foul Ball, location: 2F 1-1: Ball 2-1: Ball 3-1: Called Strike 3-2: Base on Balls
|
|
Batting: RHB Pat McCoy
|
0-0: Swinging Strike 0-1: Ball 1-1: Ball 2-1: Swinging Strike 2-2: Ball 3-2: SINGLE (Groundball, 4D, EV 98.8 MPH) Keith Egan to second Keith Egan to third
|
|
Batting: LHB Chris Redhead
|
0-0: Called Strike 0-1: Swinging Strike 0-2: Ball 1-2: DOUBLE (Line Drive, 7D, EV 91.9 MPH) Keith Egan scores Pat McCoy to third Runner from 3rd tries for Home, SAFE, throw by LF to home
|
|
Batting: RHB R.J. Romberg
|
0-0: Ball 1-0: Ball 2-0: Called Strike 2-1: Foul Ball, location: 2F 2-2: Ball 3-2: Foul Ball, location: 2F 3-2: Base on Balls
|
|
Batting: LHB Tim Kirk
|
0-0: Called Strike 0-1: SINGLE (Groundball, 4MD, EV 115.6 MPH) Chris Redhead to third R.J. Romberg to second Runner from 3rd tries for Home, SAFE, throw by CF to home
|
|
Batting: LHB Elijah Benton
|
0-0: Foul Ball, location: 2F 0-1: Ball 1-1: Ball 2-1: Ball 3-1: Base on Balls R.J. Romberg to third Tim Kirk to second
|
|
Batting: RHB Alex Villagomez
|
0-0: Called Strike 0-1: Foul Ball, location: 2F 0-2: SINGLE (Groundball, 56D, EV 95.6 MPH) R.J. Romberg scores Tim Kirk to third Elijah Benton to second Runner from 3rd tries for Home, SAFE, throw by LF to home
|
|
Pitching: LHP Joe Edwards
|
|
|
Batting: RHB Alex de Leon
|
0-0: Ball 1-0: Foul Ball, location: 2F 1-1: Ball 2-1: Ball 3-1: Fly out, F7 (Flyball, 7S, EV 96.9 MPH)
|
| Top of the 5th over - 5 runs, 4 hits, 0 errors, 2 left on base; Columbus 7 - New Jersey 10 |
| BOTTOM OF THE 5TH |
|
New Jersey Devils batting - Pitching for Columbus Reds : LHP Fred Barbour
|
|
Batting: RHB Mike Hanks
|
0-0: Ground out 6-3 (Groundball, 56, EV 78.8 MPH)
|
|
Batting: RHB Larry Shoop
|
0-0: SOLO HOME RUN (Flyball, 7D, EV 95.0 MPH), Distance : 364 ft
|
|
Batting: LHB Bayesa Mundhir
|
0-0: Foul Ball, location: 2F 0-1: Ball 1-1: Fly out, F6 (Popup, 6MD, EV 42.5 MPH)
|
|
Batting: RHB Gang-sheng Chew
|
0-0: Ball 1-0: Ground out 6-3 (Groundball, 56, EV 88.8 MPH)
|
| Bottom of the 5th over - 1 run, 1 hit, 0 errors, 0 left on base; Columbus 7 - New Jersey 11 |
| TOP OF THE 6TH |
|
Columbus Reds batting - Pitching for New Jersey Devils : LHP Joe Edwards
|
|
Batting: RHB Sang-ton Pak
|
0-0: Called Strike 0-1: Ball 1-1: Foul Ball, location: 2F 1-2: Ball 2-2: Ground out 4-3 (Groundball, 4, EV 76.9 MPH)
|
|
Batting: LHB Keith Egan
|
0-0: Ball 1-0: Swinging Strike 1-1: Ball 2-1: Swinging Strike 2-2: Ball 3-2: Strikes out looking
|
|
Batting: RHB Pat McCoy
|
0-0: Ball 1-0: Foul Ball, location: 2F 1-1: Ball 2-1: Called Strike 2-2: Ball 3-2: SOLO HOME RUN (Flyball, 9D, EV 95.6 MPH), Distance : 372 ft
|
|
Batting: LHB Chris Redhead
|
0-0: Ball 1-0: Swinging Strike 1-1: Foul Ball, location: 2F 1-2: Strikes out swinging
|
| Top of the 6th over - 1 run, 1 hit, 0 errors, 0 left on base; Columbus 8 - New Jersey 11 |
| BOTTOM OF THE 6TH |
|
New Jersey Devils batting - Pitching for Columbus Reds : LHP Fred Barbour
|
|
Batting: RHB Bobby Coulombe
|
0-0: Ball 1-0: Ball 2-0: Swinging Strike 2-1: Ball 3-1: Swinging Strike 3-2: Foul Ball, location: 2F 3-2: Foul Ball, location: 2F 3-2: Foul Ball, location: 2F 3-2: Base on Balls
|
|
Batting: RHB Chris Artz
|
0-0: Called Strike 0-1: Ball 1-1: SINGLE (Groundball, 6MD, EV 95.0 MPH) Bobby Coulombe to second Runner from 2nd tries for 3rd, SAFE, throw by CF made to third
|
|
Batting: RHB Jose Lara
|
0-0: Ball 1-0: Called Strike 1-1: Called Strike 1-2: DOUBLE (Line Drive, 89D, EV 106.2 MPH) Bobby Coulombe scores Chris Artz to third
|
|
Batting: RHB Brian Bonin
|
0-0: Called Strike 0-1: Ball 1-1: Called Strike 1-2: Ball 2-2: Ball 3-2: Fly out, F9 (Flyball, 9LD, EV 100.6 MPH) Runner from 3rd tags up, SCORES, no throw by RF
|
|
Pitching: RHP Matt Cronin
|
|
|
Batting: SHB Jerry Burrows
|
0-0: Called Strike 0-1: Foul Ball, location: 2F 0-2: Strikes out swinging
|
|
Batting: RHB Mike Hanks
|
0-0: Foul Ball, location: 2F 0-1: Foul Ball, location: 2F 0-2: Strikes out swinging
|
| Bottom of the 6th over - 2 runs, 2 hits, 0 errors, 1 left on base; Columbus 8 - New Jersey 13 |
| TOP OF THE 7TH |
|
Columbus Reds batting - Pitching for New Jersey Devils : LHP Joe Edwards
|
|
Batting: RHB R.J. Romberg
|
0-0: SINGLE (Line Drive, 7S, EV 108.1 MPH)
|
|
Batting: LHB Tim Kirk
|
0-0: Called Strike 0-1: Grounds into double play, 4-6-3 (Groundball, 4, EV 109.4 MPH)
|
|
Batting: LHB Elijah Benton
|
0-0: Ball 1-0: Ball 2-0: Foul Ball, location: 2F 2-1: Fly out, F8 (Flyball, 8LM, EV 89.4 MPH)
|
| Top of the 7th over - 0 runs, 1 hit, 0 errors, 0 left on base; Columbus 8 - New Jersey 13 |
| BOTTOM OF THE 7TH |
|
New Jersey Devils batting - Pitching for Columbus Reds : RHP Matt Cronin
|
|
Batting: RHB Larry Shoop
|
0-0: Swinging Strike 0-1: Foul Ball, location: 2F 0-2: Ball 1-2: Fly out, F7 (Flyball, 78M, EV 83.8 MPH)
|
|
Batting: LHB Bayesa Mundhir
|
0-0: Ball 1-0: SINGLE (Line Drive, 6D, EV 94.4 MPH)
|
|
Batting: RHB Gang-sheng Chew
|
0-0: Ball 1-0: Ball 2-0: SINGLE (Flyball, 3D, EV 97.5 MPH) Bayesa Mundhir to second Runner from 2nd tries for 3rd, OUT! 9-5
|
|
Batting: RHB Bobby Coulombe
|
0-0: Ball 1-0: Ball 2-0: Ball 3-0: Base on Balls Gang-sheng Chew to second
|
|
Batting: RHB Chris Artz
|
0-0: Foul Ball, location: 2F 0-1: Ball Wild Pitch! Gang-sheng Chew to third Bobby Coulombe to second 1-1: Called Strike 1-2: Strikes out swinging
|
| Bottom of the 7th over - 0 runs, 2 hits, 0 errors, 2 left on base; Columbus 8 - New Jersey 13 |
| TOP OF THE 8TH |
|
Columbus Reds batting - Pitching for New Jersey Devils : LHP Joe Edwards
|
|
Batting: RHB Alex Villagomez
|
0-0: Fly out, F4 (Popup, 34, EV 60.6 MPH)
|
|
Batting: RHB Alex de Leon
|
0-0: Foul Ball, location: 2F 0-1: Called Strike 0-2: Foul Ball, location: 2F 0-2: Strikes out looking
|
|
Batting: RHB Sang-ton Pak
|
0-0: Ball 1-0: Ground out 4-3 (Groundball, 4, EV 103.8 MPH)
|
| Top of the 8th over - 0 runs, 0 hits, 0 errors, 0 left on base; Columbus 8 - New Jersey 13 |
| BOTTOM OF THE 8TH |
|
New Jersey Devils batting - Pitching for Columbus Reds : RHP Matt Cronin
|
|
Batting: RHB Jose Lara
|
0-0: Ball 1-0: DOUBLE (Flyball, 78D, EV 115.0 MPH)
|
|
Batting: RHB Brian Bonin
|
0-0: Foul Ball, location: 2F 0-1: Ball 1-1: Ball Wild Pitch! Jose Lara to third 2-1: Fly out, F7 (Flyball, 78D, EV 87.5 MPH) Runner from 3rd tags up, SCORES, throw by LF
|
|
Batting: SHB Jerry Burrows
|
0-0: Swinging Strike 0-1: Swinging Strike 0-2: Strikes out looking
|
|
Batting: RHB Mike Hanks
|
0-0: Called Strike 0-1: Ball 1-1: SINGLE (Groundball, 6D, EV 106.2 MPH)
|
|
Batting: RHB Larry Shoop
|
0-0: Foul Ball, location: 2F 0-1: Foul Ball, location: 2F 0-2: Fly out, F4 (Popup, 4, EV 66.9 MPH)
|
| Bottom of the 8th over - 1 run, 2 hits, 0 errors, 1 left on base; Columbus 8 - New Jersey 14 |
| TOP OF THE 9TH |
|
Columbus Reds batting - Pitching for New Jersey Devils : LHP Joe Edwards
|
|
Batting: LHB Keith Egan
|
0-0: Ball 1-0: Called Strike 1-1: Swinging Strike 1-2: DOUBLE (Line Drive, 7LS, EV 104.4 MPH)
|
|
Batting: RHB Pat McCoy
|
0-0: Ball 1-0: Ball 2-0: Called Strike 2-1: Foul Ball, location: 2F 2-2: Ball 3-2: Strikes out swinging
|
|
Pitching: LHP Dan Bremseth
|
|
|
Batting: LHB Chris Redhead
|
0-0: Ground out 4-3 (Groundball, 4M, EV 88.8 MPH) Keith Egan to third
|
|
Batting: RHB R.J. Romberg
|
0-0: Ball 1-0: Called Strike 1-1: Called Strike 1-2: Strikes out swinging
|
| Top of the 9th over - 0 runs, 1 hit, 0 errors, 1 left on base; Columbus 8 - New Jersey 14 |
|